 Dungeon Crawl Stone Soup version 0.30-a0-718-geaa24f58ff (webtiles) character file.

Game seed: 1536172627286339633

8150 hikkokomori the Fighter (level 11, -5/62 HPs)
             Began as a Vine Stalker Brigand on Jan 26, 2023.
             Was an Elder of Okawaru.
             Slain by a fire elemental (8 damage)
             ... summoned by a deep elf pyromancer
             ... on level 9 of the Dungeon.
             The game lasted 00:23:38 (8582 turns).

hikkokomori the Fighter (Vine Stalker Brigand)      Turns: 8582, Time: 00:23:39

Health: -5/62      AC: 15    Str: 13    XL:     11   Next: 26%
Magic:  0/16       EV: 21    Int: 11    God:    Okawaru [****..]
Gold:   600        SH:  0    Dex: 21    Spells: 7/10 levels left

rFire   . . .      SeeInvis .    P - +0 short sword (drain)
rCold   . . .      Faith    .    (no shield)
rNeg    . . .      Spirit   +    A - +2 robe {Will+}
rPois   .          Reflect  .    E - +1 helmet
rElec   .          Harm     .    j - +1 cloak "Notwatu" {Rampage +Inv Stlth+}
rCorr   .          Rampage  +    y - +2 pair of gloves
Will    ++...                    (no boots)
Stlth   +++++                    (no amulet)
HPRegen 1.10/turn                I - +5 ring of evasion
MPRegen 0.15/turn                G - +4 ring of protection

@: no status effects
A: fangs 3, regeneration 1, magic shield, antimagic bite, no potion heal 2
a: Renounce Religion, Evoke Invisibility, Heroism, Finesse


You were on level 9 of the Dungeon.
You worshipped Okawaru.
Okawaru was greatly pleased with you.
You visited 2 branches of the dungeon, and saw 10 of its levels.
You also visited: Bailey.

You collected 600 gold pieces.

Inventory:

Hand Weapons
 a - a +3 dagger
 w - a +2 dagger of speed
 H - a +1 vampiric dagger
 K - a +1 whip of electrocution
 O - a +3 scimitar of flaming
 P - a +0 short sword of draining (weapon)
Missiles
 d - 29 poisoned darts (quivered)
 e - 6 curare-tipped darts
 u - a throwing net
Armour
 c - the +1 ring mail of the Jackalope {rN+}
   (You took it off an orc warrior in a bailey)

   rN:        It protects you from negative energy.
 j - the +1 cloak "Notwatu" (worn) {Rampage +Inv Stlth+}
   (You found it in a bailey)

   +Inv:      It lets you turn invisible.
   Rampage:   It bestows one free step when moving towards enemies.
   Stlth:     It makes you more stealthy.
 y - a +2 pair of gloves (worn)
 A - a +2 robe of willpower (worn)
 E - a +1 helmet (worn)
 N - the +2 cloak of Thoughtfulness {rCorr Dex+3}
   (You found it on level 8 of the Dungeon)

   Dex:       It affects your dexterity (+3).
   rCorr:     It protects you from acid and corrosion.
 R - +0 acid dragon scales
Jewellery
 i - a ring of willpower
 n - a ring of fire
 F - a ring of ice
 G - a +4 ring of protection (right hand)
 I - a +5 ring of evasion (left hand)
Wands
 k - a wand of roots (8)
 o - a wand of quicksilver (5)
 L - a wand of mindburst (12)
Scrolls
 b - 2 scrolls of teleportation
 g - 3 scrolls of torment
 p - a scroll of enchant weapon
 q - 3 scrolls of vulnerability
 r - a scroll of immolation
 t - a scroll of fog
 B - 2 scrolls of fear {unknown}
 C - 2 scrolls of silence {unknown}
 D - a scroll of amnesia {unknown}
 J - a scroll of identify
 Q - a scroll of magic mapping
Potions
 f - 4 potions of curing {unknown}
 h - a potion of haste {unknown}
 l - 2 potions of degeneration
 m - a potion of resistance {unknown}
 s - a potion of invisibility {unknown}
 v - 2 potions of heal wounds {unknown}
 x - a potion of brilliance {unknown}
 z - 3 potions of ambrosia
 M - a potion of flight {unknown}


   Skills:
 + Level 9.0 Fighting
 + Level 9.0 Short Blades
 - Level 1.7 Throwing
 - Level 6.5 Dodging
 - Level 7.4 Stealth
 - Level 0.5 Air Magic
 + Level 5.3 Invocations


You had 7 spell levels left.
You knew the following spells:

 Your Spells              Type           Power      Damage    Failure   Level
a - Vhi's Electric Charg  Tloc/Air       0%         N/A       67%         3

Your spell library contained the following spells:

 Spells                   Type           Power      Damage    Failure   Level
 Airstrike                Air            0%         2d(1-17)  96%         4
 Leda's Liquefaction      Hex/Erth       0%         N/A       98%         4
 Arcjolt                  Conj/Air       0%         1d10      100%        5
 Lee's Rapid Deconstruct  Erth           0%         3d4*      100%        5
 Lightning Bolt           Conj/Air       0%         1d11      100%        5
 Statue Form              Tmut/Erth      0%         N/A       100%        6
 Maxwell's Capacitive Co  Air            0%         ∞         100%        8
 Summon Lightning Spire   Summ/Air       Unusable   N/A       N/A         4

Dungeon Overview and Level Annotations

Branches:
Dungeon (9/15)             Temple (1/1) D:4            Lair (0/5) D:8
 Bailey (visited)
    Orc: D:9-12

Altars:
Ashenzari
Dithmenos
Elyvilon
Gozag
Hepliaklqana
Kikubaaqudgha
Makhleb
Nemelex Xobeh
Okawaru
Qazlal
Ru
Trog
Uskayaw
Vehumet
Wu Jian
Xom
Yredelemnul
Zin
The Shining One

Annotations:
D:6 1 runed translucent door, brightshaft's ghost, novice DjGl


Innate Abilities, Weirdness & Mutations

You have razor-sharp teeth.
Your natural rate of healing is unusually fast.
When hurt, damage is shared between your health and your magic reserves.
Your bite disrupts and absorbs the magic of your enemies.
Potions cannot restore your health.


Message History

The fire elemental misses you. The fire elemental barely misses you.
There are monsters nearby!
Unknown command.
The centaur shoots an arrow.
The arrow misses you.
The arrow hits the fire elemental.
The fire elemental hits you. The fire elemental burns you!
The fire elemental misses you.
The centaur shoots an arrow.
The arrow completely misses you.
The arrow hits the fire elemental!
The fire elemental misses you.
There is an open door here.
You rampage towards the centaur!
Found a plate armour.
The deep elf pyromancer falters for a moment.
The centaur unwields a +0 shortbow.
The centaur completely misses you.
The centaur kicks you but does no damage.
The centaur attacks as you move away!
The centaur hits you but does no damage.
The centaur kicks you but does no damage.
The centaur wields a +0 shortbow.
The centaur shoots an arrow.
The arrow misses you.
There is an open door here.
You closely miss the fire elemental. The fire elemental hits you.
The fire elemental burns you!
You closely miss the freezing wraith.
The water moccasin hisses angrily.
Your bite misses the freezing wraith. The freezing wraith hits you!
The freezing wraith freezes you!!
The freezing wraith completely misses you.
You barely miss the freezing wraith.
You bite the freezing wraith, but do no damage.
The fire elemental hits you. The fire elemental burns you!
* * * LOW HITPOINT WARNING * * *
The water moccasin is engulfed in blazing flames.
The water moccasin dies!
A kobold comes into view. It is wielding a +0 short sword.
The freezing wraith hits you!
* * * LOW HITPOINT WARNING * * *
The freezing wraith freezes you!
* * * LOW HITPOINT WARNING * * *
The freezing wraith barely misses you. The fire elemental hits you.
The fire elemental burns you!
You die... ##...#########...## #.).#.#..)#..###... # #./.#.#.[.)##..###. .. #..'#.#'..)[.##..## .KP

####...###.##..##.÷
♣.^♣#...c.)...#).##..##
......###E○E######..##..
....♣..WE#☼#°E.#..##..##
♣....)@.#.#e○○###?.###.
##♣.#.[.#.#KS:#..###...
# ######.§.#####...#.
#.. ...°.##.....#.
..#.#.#..#..###<#.
#.......##..# #.#. #..
..#.#..#...# #...
..##...[.##.#.# #...
..#..#..#..#.# #...


You could see a freezing wraith, 2 fire elementals, a centaur and a kobold
(wandering).

Vanquished Creatures
  A boulder beetle (D:9)
  A two-headed ogre (D:9)
  2 ugly things (D:9)
  A gargoyle (D:9)
  An efreet (D:9)
  2 kobold demonologists (D:9)
  A troll (D:9)
  A polar bear (shapeshifter) (D:9)
  Eustachio (D:4)
  A wraith (D:9)
  A yak (D:9)
  2 steam dragons
  Edmund (D:4)
  An acid dragon (D:9)
  2 water moccasins
  Duvessa (D:4)
  11 orc warriors
  A sky beast (D:7)
  2 ice beasts
  3 ogres
  A centaur (D:9)
  5 kobold brigands
  A gnoll sergeant (D:6)
  4 scorpions
  Dowan (D:4)
  7 hounds
  5 orc priests
  A gnoll bouda (D:5)
  6 iguanas
  10 orc wizards
  12 gnolls
  9 adders
  2 white imps
  2 worms
  2 dart slugs
  53 orcs
  9 endoplasms
  5 giant cockroaches
  14 goblins
  10 hobgoblins
  4 jackals (D:1)
  9 kobolds
  7 quokkas
  5 ball pythons
  5 bats
  2 frilled lizards
  9 rats
237 creatures vanquished.

Vanquished Creatures (others)
  A wyvern (D:9)
  A water moccasin (D:9)
  A gnoll bouda (D:9)
  8 plants
11 creatures vanquished.

Grand Total: 248 creatures vanquished

Notes
Turn   | Place    | Note
-------+----------+-------------------------------------------
     0 | D:1      | hikkokomori the Vine Stalker Brigand began the quest for
                  | the Orb.
     0 | D:1      | Reached XP level 1. HP: 11/11 MP: 2/2
   164 | D:1      | Reached skill level 1 in Dodging
   164 | D:1      | Reached skill level 5 in Stealth
   169 | D:1      | Reached XP level 2. HP: 15/15 MP: 3/3
   311 | D:1      | Reached XP level 3. HP: 18/18 MP: 4/4
   631 | D:2      | Found a faded altar of an unknown god.
   713 | D:2      | Gained mutation: Your natural rate of healing is unusually
                  | fast. [Vine Stalker growth]
   713 | D:2      | Reached XP level 4. HP: 21/23 MP: 5/5
  1477 | D:3      | Found an ornate altar of the Wu Jian Council.
  1656 | D:3      | Found a glowing golden altar of the Shining One.
  1799 | D:3      | Reached XP level 5. HP: 24/27 MP: 6/6
  1973 | D:3      | Found a stormy altar of Qazlal.
  2067 | D:3      | Found a radiant altar of Vehumet.
  2364 | D:4      | Found a sacrificial altar of Ru.
  2424 | D:4      | Noticed Edmund
  2424 | D:4      | Noticed Eustachio
  2479 | D:4      | Reached XP level 6. HP: 17/32 MP: 5/7
  2740 | D:4      | Noticed Duvessa
  2741 | D:4      | Noticed Dowan
  2772 | D:4      | Killed Duvessa
  2778 | D:4      | Killed Dowan
  2779 | D:4      | Reached XP level 7. HP: 29/36 MP: 6/8
  2906 | D:4      | Killed Eustachio
  3030 | D:4      | Found a staircase to the Ecumenical Temple.
  3165 | Temple   | Entered the Ecumenical Temple
  3330 | Temple   | Became a worshipper of Warmaster Okawaru
  3421 | D:4      | Killed Edmund
  3677 | D:4      | Gained mutation: You have razor-sharp teeth. [Vine Stalker
                  | growth]
  3677 | D:4      | Reached XP level 8. HP: 36/39 MP: 9/9
  3853 | D:5      | Entered Level 5 of the Dungeon
  4102 | D:5      | Reached * piety under Okawaru
  4222 | D:5      | Found a glowing silver altar of Zin.
  4279 | D:5      | Found a basalt altar of Yredelemnul.
  4299 | D:5      | Noticed a moth of wrath
  4302 | D:5      | Found a bloodstained altar of Trog.
  4405 | D:5      | Reached skill level 5 in Fighting
  4405 | D:5      | Reached skill level 5 in Short Blades
  4455 | D:5      | Found a shimmering altar of Xom.
  4628 | D:5      | Found an ancient bone altar of Kikubaaqudgha.
  5068 | D:6      | Reached XP level 9. HP: 47/47 MP: 8/10
  5070 | D:6      | Found a runed translucent door.
  5078 | D:6      | Noticed brightshaft's ghost (novice DjGl)
  5201 | D:6      | Reached skill level 5 in Dodging
  5564 | D:7      | Found a flagged portal.
  5580 | Bailey   | Entered a bailey
  5805 | Bailey   | Reached ** piety under Okawaru
  6228 | Bailey   | Identified the +1 crystal plate armour "Ycuannum" {rC+
                  | Dex+4}
  6268 | Bailey   | Identified the +1 ring mail of the Jackalope {rN+}
  6280 | Bailey   | Identified the +1 cloak "Notwatu" {Rampage +Inv Stlth+}
  6493 | D:7      | Found a broken altar of Ashenzari.
  7134 | D:7      | Reached *** piety under Okawaru
  7322 | D:8      | Reached XP level 10. HP: 52/55 MP: 11/11
  7466 | D:8      | Learned a level 3 spell: Vhi's Electric Charge
  7580 | D:8      | Found a staircase to the Lair.
  7777 | D:8      | Identified the +2 cloak of Thoughtfulness {rCorr Dex+3}
  8047 | D:9      | Reached skill level 1 in Invocations
  8056 | D:9      | Noticed a gargoyle
  8106 | D:9      | Killed a gargoyle
  8170 | D:9      | Reached **** piety under Okawaru
  8170 | D:9      | Received a gift from Okawaru
  8205 | D:9      | Noticed a two-headed ogre
  8210 | D:9      | Killed a two-headed ogre
  8237 | D:9      | Noticed a boulder beetle
  8288 | D:9      | Killed a boulder beetle
  8289 | D:9      | Reached XP level 11. HP: 60/60 MP: 13/15
  8311 | D:9      | Noticed a deep elf pyromancer
  8316 | D:9      | Noticed a tengu warrior
  8323 | D:9      | Noticed a cyan ugly thing
  8327 | D:9      | Noticed a brown ugly thing
  8449 | D:9      | Killed a cyan ugly thing
  8450 | D:9      | Reached skill level 5 in Invocations
  8456 | D:9      | Killed a brown ugly thing
  8582 | D:9      | HP: 3/62 [freezing wraith (8)]
  8582 | D:9      | Slain by a fire elemental

Illustrated notes

Levels and vault maps discovered:
D:1:      psy_arrival_conway, layout_rooms, serial_glass, glass_columns_a,
          glass_columns_a
D:2:      layout_rooms, serial_corexii_hall, corexii_hall_statues_u,
          corexii_hall_statues_i, corexii_hall_statues_deadend,
          shapermc_ecumenical_altar_acropolis
D:3:      layout_basic, mainiacjoe_overflow_tiny_flanked,
          nicolae_qazlal_scattered_showers, mainiacjoe_overflow_24_doors,
          old_standard_altar, hangedman_decor_peaks_small
D:4:      layout_basic, lemuel_round_altar, minmay_temple_entry_gardened_gates,
          minmay_pentangle, uniq_eustachio, uniq_duvessa, uniq_edmund
D:5:      nicolae_cairo_tiling_large_dashed, layout_basic,
          mainiacjoe_overflow_chevrons, lemuel_doored_altar, tgw_trog,
          yredelemnul_altar_generic, marbit_many_paths
D:6:      layout_rooms, ebering_ghost_inner_flame,
          hangedman_abyss_or_decor_lesser_grid
D:7:      layout_loops_corners, nicolae_ashenzari_panopticon, enter_bailey_5,
          grunt_decor_cap, kennysheep_crisscross
D:8:      layout_basic, lair_entry_dummy
D:9:      minmay_the_grid_four_pointed_star
          [minmay_the_grid_triangle_9x9_shrine,
          minmay_the_grid_triangle_9x9_negative_grid,
          minmay_the_grid_triangle_9x9_stretched_checkered,
          minmay_the_grid_triangle_9x9_semitri,
          minmay_the_grid_prize_four_corners], layout_loops_ring,
          mainiacjoe_overflow_alcove_2, ebering_ghost_reflecting_pool
Temple:   hellmonk_temple_forest_ring

Skill      XL: |  1  2  3  4  5  6  7  8  9 10 11 |
---------------+----------------------------------+-----
Dodging        | 1 2 3 4 6 |  6.5
Stealth        | 5 6 7 |  7.4
Fighting       | 2 3 4 5 7 8 9 |  9.0
Short Blades   | 2 3 4 5 7 8 9 |  9.0
Invocations    | 4 5 |  5.3
Throwing       | |  1.7
Air Magic      | |  0.5

Action                     |  1- 3 |  4- 6 |  7- 9 | 10-12 || total
---------------------------+-------+-------+-------+-------++-------
  Melee: Dagger            |    88 |   189 |   790 |   247 ||  1314
         Bite              |    27 |    52 |   270 |   164 ||   513
         Punch             |     1 |     5 |    13 |     9 ||    28
         Short sword       |       |       |       |   150 ||   150
  Throw: Dart              |       |     3 |       |       ||     3
         Throwing net      |       |     2 |       |       ||     2
 Invoke: Heroism           |       |       |     1 |     2 ||     3
  Evoke: Wand              |       |       |     1 |    10 ||    11
    Use: Scroll            |       |     5 |     8 |     1 ||    14
         Potion            |       |     1 |     1 |     1 ||     3
   Stab: Sleeping          |     5 |    14 |    18 |     1 ||    38
         Distracted        |       |     1 |       |       ||     1
         Held in net/web   |       |     1 |       |       ||     1
 Armour: Robe              |    31 |    26 |   168 |    71 ||   296
  Dodge: Dodged            |    58 |    89 |   382 |   196 ||   725

Table legend: (Time is in decaauts)
 A = Elapsed time spent in this place.
 B = Non-inter-level travel time spent in this place.
 C = Inter-level travel time spent in this place.
 D = Time resting spent in this place.
 E = Time spent auto-exploring this place.
 F = Levels seen in this place.
 G = Mean time per level.
                   A        B        C        D        E       F      G
               +--------+--------+--------+--------+--------+-----+--------+
         Total |   7978 |   7540 |    438 |     93 |   5125 |  11 |  725.3 |
       Dungeon |   7111 |   6705 |    406 |     84 |   4801 |   9 |  790.1 |
        Temple |    180 |    149 |     31 |      0 |    140 |   1 |  180.0 |
        Bailey |    685 |    685 |      0 |      9 |    184 |   1 |  685.0 |
               +--------+--------+--------+--------+--------+-----+--------+

Top non-repeatable levels by time:
     D:4: 1418 daAuts
     D:2: 890 daAuts
     D:7: 875 daAuts
     D:5: 786 daAuts
     D:3: 756 daAuts
  Bailey: 685 daAuts
     D:6: 680 daAuts
     D:8: 654 daAuts
     D:1: 570 daAuts
     D:9: 480 daAuts
  Temple: 180 daAuts
